 Dungeon Crawl Stone Soup version 0.17.1-3-g152610e (webtiles) character file.

129 kaze the Covered (level 5, -9/33 HPs)
             Began as a Gargoyle Fighter on Mar 18, 2016.
             Killed by divine providence
             ... invoked by an orc priest
              (13 damage)
             ... on level 3 of the Dungeon.
             The game lasted 00:03:13 (1722 turns).

kaze the Covered (Gargoyle Fighter)                 Turns: 1722, Time: 00:03:13

Health: -9/33      AC: 20    Str: 20    XL:     5   Next: 12%
Magic:  5/5        EV:  4    Int:  9    God:
Gold:   127        SH:  9    Dex:  9    Spells: 0 memorised, 4 levels left

rFire  . . .     SeeInvis .     a - +0 war axe
rCold  . . .     Clarity  .     i - +0 plate armour
rNeg   + + .     SustAt   .     c - +0 shield
rPois  ∞         Gourm    .     o - +0 hat
rElec  +         Spirit   .     b - +2 cloak
rCorr  .         Warding  .     u - +0 pair of gloves
rMut   .         Stasis   .     (no boots)
MR     .....                    (no amulet)
Stlth  ..........               (no ring)
                                h - ring of positive energy

@: very slightly contaminated, hasted, very quick, not resistant to hostile
enchantments, extremely unstealthy
A: negative energy resistance 1, electricity resistance, unbreathing,
petrification resistance, rot immunity, AC +4
a: no special abilities


You were on level 3 of the Dungeon.
You were not hungry.

You visited 1 branch of the dungeon, and saw 3 of its levels.

You collected 127 gold pieces.

Inventory:

Hand Weapons
 a - a +0 war axe (weapon)
Armour
 b - a +2 cloak (worn)
 c - a +0 shield (worn)
 i - a +0 plate armour (worn)
 o - a +0 hat (worn)
 u - a +0 pair of gloves (worn)
Jewellery
 h - a ring of positive energy (left hand)
Wands
 q - a wand of invisibility (3)
Scrolls
 j - a scroll of identify {unknown}
 k - 3 scrolls of remove curse {unknown}
 n - 2 scrolls of recharging {unknown}
 t - a scroll of blinking {unknown}
Potions
 d - a potion of might
 l - a potion of flight {unknown}
 r - a potion of lignification {unknown}
Books
 m - a book of Air

   Spells                             Type                      Level
   a - Shock                          Conjuration/Air              1
   b - Swiftness                      Charms/Air                   2
   c - Repel Missiles                 Charms/Air                   2
   d - Static Discharge               Conjuration/Air              3
   e - Lightning Bolt                 Conjuration/Air              5
Comestibles
 e - a bread ration
 f - 4 fruits
 g - a beef jerky
 p - a meat ration


   Skills:
 + Level 4.1 Fighting
 + Level 2.6 Axes
 + Level 4.3 Armour
 + Level 0.7 Dodging
 + Level 0.5 Stealth
 + Level 3.9 Shields


You had 4 spell levels left.
You didn't know any spells.

Dungeon Overview and Level Annotations

Branches:
Dungeon (3/15)

Altars:
Gozag
Beogh


Innate Abilities, Weirdness & Mutations

You are resistant to torment.
Your stone body is resilient (AC +4).
You are immune to poison.
You resist negative energy.
You are resistant to electric shocks.
You can survive without breathing.
You are immune to petrification.
You are immune to rotting.


Message History

You are too injured to fight recklessly!
You are too injured to fight recklessly!
You are too injured to fight recklessly!
You are too injured to fight recklessly!
You see here a tomahawk.
The orc priest looks braver for a moment.
Drink which item? (? for menu, Esc to quit)
It was a potion of haste.
You feel yourself speed up. The orc barely misses you.
You are very lightly contaminated with residual magic.
You are too injured to fight recklessly!
Your shield and plate armour prevent you from hitting the orc. x2
You block the orc's attack. The orc hits you but does no damage.
You hit the orc.
You kill the orc!
You slash the orc!
You kill the orc!
The orc priest calls down the wrath of Beogh upon you.
Something smites you!
You die...

##+## ##...##
##.....##
##.......##
#.........#
#####.........+
##...##........#
#$8$8.#@......##
#_.$o.())....##
#.8$8.###...##
##..$# ##'##
#### #.# #.#
##.## ##...##
###.....######.#


You could see an orc priest.

Vanquished Creatures
  2 adders
  3 gnolls (D:3)
  An ooze (D:1)
  4 worms
  2 giant geckos
  2 orcs (D:3)
  A ball python (D:1)
  3 giant cockroaches
  8 goblins
  4 hobgoblins
  6 jackals
  14 kobolds
  7 bats
  4 giant newts
  5 rats
66 creatures vanquished.

Notes
Turn   | Place    | Note
--------------------------------------------------------------
     0 | D:1      | kaze the Gargoyle Fighter began the quest for the Orb.
     0 | D:1      | Reached XP level 1. HP: 14/14 MP: 1/1
    81 | D:1      | Reached XP level 2. HP: 19/19 MP: 2/2
   480 | D:1      | Reached XP level 3. HP: 24/24 MP: 3/3
   811 | D:2      | Reached skill level 4 in Armour
   978 | D:2      | Found an opulent altar of Gozag.
  1255 | D:2      | Reached XP level 4. HP: 20/29 MP: 4/4
  1662 | D:3      | Reached XP level 5. HP: 18/33 MP: 5/5
  1713 | D:3      | Found a roughly hewn altar of Beogh.
  1722 | D:3      | Killed from afar by an orc priest

Action                   |  1- 3 |  4- 6 || total
-------------------------+-------+-------++-------
Melee: War axe           |   159 |    79 ||   238
  Use: Potion            |       |     1 ||     1
  Eat: Bread ration      |     1 |       ||     1
